 Dungeon Crawl Stone Soup version 0.27.0-1-g7a089689b8 (webtiles) character file.

Game seed: 6338546160918002581

73 Delamore the Sneak (level 4, -1/30 HPs)
             Began as an Octopode Brigand on Aug 6, 2021.
             Slain by a gnoll shaman (11 damage)
             ... on level 2 of the Dungeon.
             The game lasted 00:01:22 (1494 turns).

Delamore the Sneak (Octopode Brigand)               Turns: 1494, Time: 00:01:22

Health: -1/30      AC:  1    Str: 10    XL:     4   Next: 27%
Magic:  4/4        EV: 12    Int: 13    God:
Gold:   14         SH:  0    Dex: 14    Spells: 3/3 levels left

rFire    . . .     SeeInvis .   a - +2 dagger
rCold    . . .     Faith    .   (no shield)
rNeg     . . .     Spirit   .   (helmet restricted)
rPois    .         Reflect  .   (no amulet)
rElec    .         Harm     .   (no ring)
rCorr    .         Rampage  .   (no ring)
Will     .....                  (no ring)
Stlth    ++++......             (no ring)
HPRegen  0.10/turn              (no ring)
MPRegen  0.09/turn              (no ring)
                                (no ring)
                                (no ring)

@: no status effects
A: almost no armour, amphibious, 8 rings, camouflage 1, gelatinous body 1,
(nimble swimmer 1), tentacles
a: no special abilities


You were on level 2 of the Dungeon.
You visited 1 branch of the dungeon, and saw 2 of its levels.

You collected 14 gold pieces.

Inventory:

Hand Weapons
 a - a +2 dagger (weapon)
Missiles
 b - 8 poisoned darts (quivered)
 c - 2 curare-tipped darts
Scrolls
 e - 3 scrolls of enchant armour {unknown}
 f - a scroll of brand weapon {unknown}
 g - a scroll of noise {unknown}
 h - a scroll of fog {unknown}
Potions
 d - a potion of curing {unknown}
 i - 2 potions of might {unknown}


   Skills:
 + Level 2.7 Fighting
 * Level 3.4 Short Blades
 - Level 2.0 Throwing
 - Level 1.0 Dodging
 + Level 6.0 Stealth


You had 3 spell levels left.
You didn't know any spells.
Your spell library contained the following spells:

 Spells                   Type           Power      Damage    Failure   Level
 Static Discharge         Conj/Air       0%         N/A       43%         2
 Lightning Bolt           Conj/Air       0%         1d11      100%        5
 Maxwell's Capacitive Co  Air            0%         ∞         100%        8


Dungeon Overview and Level Annotations

Branches:
Dungeon (2/15)

Altars:

Shops:
D:1 *   D:2 (


Innate Abilities, Weirdness & Mutations

You cannot wear most types of armour.
You are amphibious.
You can wear up to eight rings at the same time.
Your skin changes colour to match your surroundings (Stealth+).
Your rubbery body absorbs attacks. (AC +1, EV +1)
((You are camouflaged near water. (Stealth+)))
You have tentacles for arms and can constrict up to eight enemies at once.


Message History

No target in view!
No target in view!
No target in view!
No target in view!
No target in view!
A gnoll comes into view. It is wielding a +0 spear.
A gnoll is nearby!
A gnoll and a gnoll shaman come into view.
An adder and 2 gnolls come into view.
The helpless gnoll fails to defend itself.
You impale the gnoll!!
You kill the gnoll!
Your Stealth skill increases to level 6!
You have reached level 4!
The helpless gnoll fails to defend itself.
You impale the gnoll!!
You kill the gnoll!
The gnoll shouts!
The adder hisses angrily.
The gnoll shaman shouts!
The gnoll shaman closely misses you.
You hear a shout!
You see here a +0 spear.
You hit the gnoll shaman. Your grab misses the gnoll shaman.
The gnoll shaman is lightly wounded.
The gnoll shaman hits you with a +0 club.
You closely miss the gnoll shaman. Your grab misses the gnoll shaman.
The gnoll shaman is lightly wounded.
The gnoll shaman hits you with a +0 club!
A gnoll comes into view. It is wielding a +0 spear.
You hit the gnoll shaman. Your grab misses the gnoll shaman.
The gnoll shaman is lightly wounded.
The gnoll shaman barely misses you.
You barely miss the gnoll shaman. You grab the gnoll shaman.
The gnoll shaman is lightly wounded.
You constrict the gnoll shaman.
The gnoll shaman hits you with a +0 club!
You hit the gnoll shaman but do no damage.
The gnoll shaman is lightly wounded.
You constrict the gnoll shaman, but do no damage.
The gnoll shaman hits you with a +0 club!
You die...

#.####.# #.# #.#### #.
#....## ##....##
##....# ###... # ####
######gg# ##..
###).@ggS# #####..#
#...###########.....##
#.###...........#####
#.#...###########
#.#.### #...# #####


You could see a gnoll shaman, 3 gnolls and an adder.

Vanquished Creatures
  2 gnolls (D:2)
  An adder (D:2)
  2 dart slugs
  4 bats
  3 endoplasms
  2 giant cockroaches (D:1)
  3 hobgoblins (D:1)
  4 jackals (D:1)
  4 ball pythons
  5 frilled lizards
  6 goblins
  A kobold (D:1)
  3 rats
40 creatures vanquished.

Notes
Turn   | Place    | Note
-------+----------+-------------------------------------------
     0 | D:1      | Delamore the Octopode Brigand began the quest for the Orb.
     0 | D:1      | Reached XP level 1. HP: 14/14 MP: 1/1
   366 | D:1      | Reached XP level 2. HP: 19/19 MP: 2/2
   857 | D:1      | Found a faded altar of an unknown god.
   874 | D:1      | Reached XP level 3. HP: 25/25 MP: 3/3
  1157 | D:1      | Found Paitidd's General Store.
  1324 | D:2      | Found Immufen's Antique Weapon Emporium.
  1486 | D:2      | Reached skill level 6 in Stealth
  1486 | D:2      | Reached XP level 4. HP: 30/30 MP: 4/4
  1494 | D:2      | Slain by a gnoll shaman

Illustrated notes

Levels and vault maps discovered:
D:1:      lemuel_arrival_cross, layout_loops_ring,
          chequers_ecumenical_altar_island, serial_shops, shop
D:2:      layout_rooms, serial_shops,
          nicolae_shop_temple_entry_statues_fountains

Skill      XL: |  1  2  3 |
---------------+----------+-----
Short Blades   | 3 |  3.4
Stealth        | 6 |  6.0
Fighting       | |  2.7
Throwing       | |  2.0
Dodging        | |  1.0

Action                   |  1- 3 |  4- 6 || total
-------------------------+-------+-------++-------
Melee: Dagger            |    65 |     6 ||    71
       Constrict         |    10 |     1 ||    11
       Tentacles         |     4 |       ||     4
 Stab: Sleeping          |    17 |     1 ||    18
Armor: Skin              |     9 |       ||     9
Dodge: Dodged            |    29 |     2 ||    31
